Map: Lost and Found LE

Players

Marzbar - Winner!

  • Race: Zerg Zerg
  • League: Diamond
  • Spawn Location: 1:00

Naota

  • Race: Terran Terran
  • League: Diamond
  • Spawn Location: 7:00

VOD

Have the link to the VOD?

Description

Time

  • Played on: June 20, 2018, 11:47 p.m.
  • Length: 17:32
Show
View Real Time Build Order
Export as new Build Order

Marzbar Zerg - Winner!

Build Orders: Hatch First 

Get SALT Encoding   

  12  0:01  Drone  
  13  0:13  Overlord  
  13  0:17  Drone  
  14  0:31  Drone x2  
  16  0:36  Drone  
  17  0:53  Hatchery  
  17  0:56  Drone  
  17  0:59  Drone  
  17  1:01  Extractor  
  17  1:15  Spawning Pool  
  17  1:18  Drone  
  17  1:27  Drone  
  17  1:28  Drone  
  19  1:39  Overlord  
  19  1:50  Drone  
  20  2:05  Queen x2  
  20  2:06  Zergling x4  
  26  2:13  Metabolic Boost  
  26  2:14  Drone  
  27  2:16  Drone  
  28  2:23  Drone  
  28  2:26  Drone  
  30  2:44  Extractor  
  29  2:47  Extractor  
  28  2:56  Drone  
  28  2:57  Overlord, Drone  
  28  2:58  Drone x2  
  32  3:02  Hatchery  
  31  3:10  Queen  
  31  3:12  Drone  
  34  3:13  Drone x2  
  34  3:17  Overlord  
  35  3:33  Drone x5  
  39  3:57  Drone  
  39  3:58  Overlord x2, Drone x3  
  39  3:59  Overlord  
  43  4:10  Baneling Nest, Drone  
  43  4:16  Queen  
  45  4:17  Drone  
  45  4:18  Drone x3  
  49  4:30  Zergling x10  
  54  4:34  Drone  
  54  4:35  Drone x3  
  54  4:37  Drone  
  59  4:40  Lair  
  59  4:43  Drone x2, Evolution Chamber  
  60  4:46  Drone  
  60  5:07  Zergling x4  
  60  5:08  Zergling x4  
  60  5:09  Overlord  
  60  5:14  Drone x2  
  66  5:17  Zerg Missile Weapons Level 1  
  66  5:20  Baneling x2, Zergling x2  
  66  5:21  Spine Crawler, Zergling x8  
  71  5:27  Baneling  
  67  5:47  Drone x5  
  64  5:58  Zergling x12  
  64  6:01  Extractor  
  67  6:08  Spore Crawler  
  63  6:12  Spore Crawler  
  63  6:13  Overseer  
  62  6:19  Spore Crawler x2, Drone  
  62  6:20  Overlord, Drone x5  
  62  6:21  Overlord  
  62  6:22  Zergling x10  
  71  6:29  Extractor  
  71  6:30  Extractor  
  69  6:32  Spine Crawler  
  69  6:34  Spine Crawler  
  69  6:35  Zergling x2  
  69  6:36  Hydralisk Den, Zergling x6  
  58  7:11  Drone  
  58  7:12  Overlord x2, Drone x4  
  61  7:17  Hydralisk  
  61  7:18  Hydralisk x3  
  69  7:29  Hydralisk  
  67  7:30  Hydralisk x2  
  71  7:41  Hydralisk x6  
  83  7:46  Hatchery  
  83  7:49  Drone  
  83  7:50  Drone  
  84  7:55  Overlord  
  84  7:56  Hatchery  
  84  7:57  Zerg Missile Weapons Level 2  
  82  8:00  Hatchery, Grooved Spines  
  82  8:01  Hydralisk  
  82  8:03  Evolution Chamber  
  80  8:18  Spore Crawler  
  79  8:20  Drone x3  
  79  8:21  Drone x3  
  79  8:23  Drone x2  
  87  8:35  Drone x5  
  89  8:52  Drone x7  
  91  9:11  Drone x4  
  91  9:12  Muscular Augments, Drone x4  
  91  9:15  Zerg Ground Armor Level 1  
  99  9:22  Drone x7  
  106  9:29  Overseer  
  106  9:39  Spore Crawler x2  
  96  10:01  Drone x4  
  96  10:02  Drone  
  96  10:04  Drone x6  
  96  10:05  Drone x6  
  96  10:06  Queen  
  115  10:12  Overlord  
  115  10:37  Overlord  
  115  10:38  Overlord x2  
  115  10:42  Infestation Pit, Queen  
  115  10:49  Extractor x2  
  116  10:52  Spore Crawler, Spine Crawler x3  
  116  10:53  Spine Crawler  
  116  10:54  Hydralisk x2  
  110  11:10  Drone x7  
  117  11:11  Hydralisk  
  117  11:12  Hydralisk x7  
  117  11:14  Overlord x3  
  117  11:15  Overlord x4  
  130  11:34  Overseer  
  130  11:36  Drone x2  
  130  11:37  Drone x14  
  144  11:42  Hydralisk x3  
  144  11:44  Centrifical Hooks  
  144  11:46  Hive  
  126  12:06  Hydralisk x3  
  126  12:07  Hydralisk x9  
  146  12:26  Hydralisk  
  146  12:27  Hydralisk x12  
  160  12:43  Zerg Ground Armor Level 2  
  160  12:44  Spire  
  159  12:51  Extractor  
  159  12:52  Spore Crawler  
  159  12:53  Extractor  
  159  12:55  Spine Crawler  
  155  12:59  Spine Crawler  
  154  13:08  Hydralisk x2  
  154  13:09  Hydralisk x12  
  154  13:11  Overlord  
  182  13:34  Hydralisk x3  
  182  13:36  Viper  
  182  13:37  Viper x4  
  197  13:43  Zergling x2  
  188  13:51  Hydralisk  
  188  13:52  Hydralisk x10  
  182  14:07  Zerg Missile Weapons Level 3  
  165  14:13  Drone  
  165  14:14  Drone x7  
  165  14:15  Corruptor  
  165  14:16  Corruptor x4  
  181  14:19  Greater Spire  
  181  14:38  Overlord x2  
  181  15:42  Spine Crawler  
  180  15:43  Spine Crawler  
  180  15:45  Spine Crawler  
  180  15:49  Brood Lord  
  178  15:50  Brood Lord x4  
  177  15:57  Corruptor x3  
  177  15:58  Corruptor  
  185  16:28  Corruptor x6  
  197  16:49  Hydralisk  
  197  16:50  Hydralisk x2  
  187  17:03  Hydralisk x10  
  188  17:20  Drone x2  
  181  17:32  Hatchery  
Show
View Real Time Build Order
Export as new Build Order

Naota Terran 

Build Orders: Hellion Banshee 

Get SALT Encoding   

  12  0:01  SCV  
  13  0:13  SCV  
  14  0:23  Supply Depot  
  14  0:25  SCV  
  15  0:36  Refinery  
  15  0:45  SCV  
  15  0:47  Barracks  
  16  0:57  SCV  
  17  1:09  SCV  
  18  1:21  SCV  
  19  1:33  SCV  
  19  1:34  Reaper  
  21  1:40  Command Center  
  21  1:46  Orbital Command  
  21  1:59  Factory  
  21  2:09  Marine  
  21  2:13  SCV  
  21  2:15  Supply Depot  
  23  2:29  Refinery  
  23  2:33  Barracks Reactor  
  23  2:37  SCV  
  24  2:49  SCV, Factory Tech Lab  
  25  2:53  SCV  
  26  3:01  SCV  
  26  3:02  Starport  
  26  3:10  Marine x2  
  28  3:13  SCV  
  28  3:31  SCV  
  29  3:42  Viking  
  29  3:44  SCV  
  29  3:45  Hellion x2  
  36  3:56  SCV  
  36  3:59  SCV  
  38  4:08  SCV  
  43  4:10  Supply Depot, Hellion x2  
  43  4:11  SCV  
  44  4:17  Supply Depot  
  44  4:20  SCV  
  44  4:23  SCV  
  45  4:32  SCV, Hellion x2  
  45  4:36  Bunker, SCV  
  51  4:45  Banshee  
  55  4:47  Cloaking Field  
  55  4:48  SCV x2  
  56  4:53  Hellion x2  
  60  5:00  SCV  
  61  5:12  SCV  
  62  5:44  Hellion  
  62  5:45  Command Center  
  62  6:02  SCV x2, Hellion  
  60  6:14  SCV x2  
  62  6:23  Armory  
  62  6:26  Supply Depot x2  
  62  6:28  Supply Depot  
  62  6:30  Command Center  
  62  6:32  Refinery  
  62  6:33  Refinery  
  62  6:35  Supply Depot  
  62  6:47  SCV x2  
  62  6:48  Banshee, Hellion x2  
  69  6:59  SCV x2  
  54  7:09  Hellion x2  
  54  7:12  SCV x2  
  56  7:24  SCV x2  
  58  7:30  Hellion x2  
  58  7:31  Banshee  
  58  7:36  SCV x2, Marine  
  67  7:39  Engineering Bay  
  67  7:41  SCV  
  68  7:48  Supply Depot, SCV x2  
  70  7:52  Hellion x2  
  70  7:53  SCV  
  70  7:54  Marine  
  72  8:00  SCV x2  
  75  8:07  Factory  
  75  8:12  SCV x2, Marine  
  78  8:13  Banshee, Hellion x2  
  84  8:24  SCV  
  85  8:28  SCV  
  85  8:30  Marine  
  87  8:35  Hellion x2  
  87  8:36  SCV  
  92  8:47  Marine  
  91  8:48  SCV  
  91  8:52  Factory  
  91  8:53  Hellion x3  
  90  8:55  SCV  
  90  8:56  Banshee, Factory Tech Lab  
  90  8:57  Hellion  
  90  8:58  Hellion  
  90  9:00  SCV  
  95  9:05  Marine  
  95  9:07  SCV  
  97  9:13  SCV  
  98  9:20  SCV  
  98  9:22  Supply Depot  
  98  9:23  Marine  
  100  9:25  SCV, Terran Vehicle Weapons Level 1  
  100  9:26  Supply Depot  
  100  9:27  Factory  
  102  9:33  Planetary Fortress  
  102  9:35  Factory  
  102  9:37  SCV, Factory  
  102  9:39  Banshee  
  95  9:45  Supply Depot  
  95  9:49  SCV  
  86  9:53  SCV  
  86  9:54  Siege Tank, Factory Tech Lab  
  86  9:55  Hellbat, Hellion  
  94  10:01  SCV  
  94  10:05  SCV  
  96  10:08  Supply Depot  
  96  10:13  SCV, Command Center  
  97  10:16  SCV, Hellion  
  97  10:17  SCV  
  101  10:22  Siege Tank  
  101  10:23  Hellion x2  
  101  10:25  SCV  
  101  10:26  Siege Tank, Missile Turret  
  101  10:28  Refinery  
  112  10:29  SCV  
  112  10:31  Liberator  
  112  10:32  Refinery  
  113  10:41  SCV, Infernal Pre-Igniter  
  114  10:44  Factory Tech Lab x3  
  117  10:52  SCV  
  117  10:53  SCV  
  117  11:01  Siege Tank x2  
  117  11:02  Hellion  
  116  11:04  SCV  
  116  11:05  SCV  
  116  11:10  Orbital Command  
  117  11:16  SCV  
  117  11:17  SCV  
  119  11:20  Terran Ship Weapons Level 1  
  118  11:29  SCV  
  104  11:45  Siege Tank x4, Widow Mine, Hellion  
  104  11:46  Hellion  
  108  12:07  SCV, Hellbat, Hellion x2  
  109  12:17  Siege Tank, Hellion  
  109  12:18  Hellion  
  109  12:19  SCV  
  115  12:27  Siege Tank  
  115  12:28  Siege Tank, Hellion x2  
  118  12:38  Siege Tank  
  118  12:39  Hellion  
  123  12:48  Command Center  
  123  12:49  Hellion x2  
  123  12:50  Hellbat  
  129  12:56  Missile Turret  
  129  12:59  Hellion  
  129  13:00  Siege Tank, Missile Turret, Hellion  
  129  13:03  SCV  
  137  13:11  Hellion x4  
  145  13:13  Sensor Tower  
  145  13:15  SCV x2  
  147  13:22  Hellion  
  147  13:24  Supply Depot  
  147  13:26  Supply Depot  
  149  13:28  Supply Depot  
  149  13:29  Terran Vehicle Weapons Level 2  
  149  13:33  Supply Depot  
  149  13:34  Supply Depot  
  149  13:46  Hellion x4  
  149  13:47  Siege Tank  
  130  13:57  Siege Tank, Hellion  
  130  13:58  SCV  
  129  14:03  Sensor Tower  
  129  14:07  Siege Tank  
  129  14:08  Hellion x2  
  121  14:13  Hellion  
  117  14:18  Siege Tank  
  117  14:19  Siege Tank  
  123  14:24  Supply Depot  
  123  14:29  Siege Tank x2  
  129  14:35  Sensor Tower  
  129  14:39  SCV  
  130  14:47  Starport  
  130  14:50  Starport Reactor, Refinery  
  130  14:51  Refinery, SCV  
  131  14:54  SCV  
  132  15:03  SCV  
  132  15:06  SCV  
  134  15:11  Thor x2  
  146  15:15  SCV  
  146  15:17  Armory  
  147  15:27  SCV  
  148  15:39  Supply Depot  
  148  15:40  Supply Depot  
  148  15:43  Siege Tank, Thor  
  148  15:44  Siege Tank  
  146  15:58  Orbital Command  
  146  15:59  Siege Tank x2, Hellion  
  146  16:02  Supply Depot  
  146  16:03  Starport Reactor  
  152  16:04  Supply Depot  
  152  16:09  Viking  
  154  16:15  Siege Tank  
  157  16:31  Siege Tank x3, Hellion  
  157  16:32  Hellion x2  
  165  16:48  Hellion  
  165  16:53  Hellion  
  159  17:02  Hellion  
  159  17:04  Hellion  
  138  17:09  Hellion  
Tags
 
Add a new tag
Caveats
  • Supply blocks, unpowered buildings, or Contaminate may cause inaccurate times.
  • Supply counts are checked every 10 seconds.